[Event "*** SCC Grand Prix: Titled Tuesday Blitz"]
[Site "Chess.com"]
[Date "2020.10.13"]
[Round "1"]
[White "SergeyKarjakin"]
[Black "venus02"]
[Result "1-0"]
[WhiteElo "2899"]
[BlackElo "2459"]
[TimeControl "180+1"]
[EndTime "10:07:41 PDT"]
[Termination "SergeyKarjakin won on time"]

1. d4 Nf6 2. Bg5 e6 3. Nf3 b6 4. e3 Bb7 5. Nbd2 h6 6. Bh4 d6 7. a4 a5 8. Bd3 Nbd7 9. c3 g6 10. Qc2 Bg7 11. Be4 Bxe4 12. Nxe4 d5 13. Nxf6+ Bxf6 14. Bg3 Rc8 15. e4 O-O 16. O-O c5 17. exd5 exd5 18.
Qb3 cxd4 19. Nxd4 Bxd4 20. cxd4 Rc4 21. Qd3 Qc8 22. b3 Rc3 23. Qd2 Nf6 24. Qxh6 Rxb3 25. Be5 Qf5 26. Rac1 Qh5 27. Qf4 Ng4 28. Bd6 Re8 29. Rc7 Nh6 30. Be5 Rf8 31. Rfc1 Ng4 32.
Bd6 g5 33. Qf5 Nh6 34. Qxd5 Rd3 35. h3 Re8 36. Be5 Qg6 37. Rc8 Rd1+ 38. Kh2 Ng4+ 39. Kg3 1-0

[Event "*** SCC Grand Prix: Titled Tuesday Blitz"]
[Site "Chess.com"]
[Date "2020.10.13"]
[Round "1"]
[White "GM_Levan_Pantsulaia"]
[Black "ASVZ"]
[Result "0-1"]
[WhiteElo "2801"]
[BlackElo "2433"]
[TimeControl "180+1"]
[EndTime "10:07:41 PDT"]
[Termination "ASVZ won by resignation"]

1. Nf3 b6 2. g3 Bb7 3. Bg2 e6 4. Kf1 f5 5. Kg1 Nf6 6. d3 g6 7. Nbd2 Bg7 8. c4 O-O 9. Qc2 a5 10. b3 Na6 11. a3 Nc5 12. Bb2 d6 13. h4 e5 14. b4 axb4 15. axb4 Rxa1+ 16. Bxa1 Qa8 17. Bb2 Ne6 18. Qb3 c5 19. Ne1 Bh6 20. Nf1 Nd4 21. Bxd4 cxd4 22. Bxb7 Qxb7 23. Nf3 Kg7 24. Kg2 Ng4 25.
Nh2 e4 26. Nxd4 exd3+ 27. Nhf3 Ne5 28. Ne6+ Kf7 29. Nxf8 Kxf8 30. Re1 Bd2 31. Qd1 Bxe1 32. Qxe1 Qe4 33. c5 bxc5 34. bxc5 dxe2 35. cxd6 Nxf3 36. Qa1 Nxh4+ 37. Kh3 Qg4+ 38. Kh2 Nf3+ 39. Kg2 e1=Q 40. Qf6+ Kg8 41. Qd8+ Kg7 42. Qe7+ Qxe7 43. dxe7 Nh4+ 44. Kh2 Qe4 45. gxh4 Qxe7 0-1

[Event "*** SCC Grand Prix: Titled Tuesday Blitz"]
[Site "Chess.com"]
[Date "2020.10.13"]
[Round "1"]
[White "SARGISMV"]
[Black "LyonBeast"]
[Result "0-1"]
[WhiteElo "2492"]
[BlackElo "3027"]
[TimeControl "180+1"]
[EndTime "10:07:43 PDT"]
[Termination "LyonBeast won on time"]

1. d4 d5 2. c4 e6 3. Nf3 Nf6 4. Nc3 c6 5. e3 Nbd7 6. Bd3 dxc4 7. Bxc4 b5 8. Bd3 a6 9. e4 c5 10. e5 cxd4 11. Nxb5 axb5 12. exf6 gxf6 13. Nxd4 Bb7 14. O-O Rg8 15. f3 Bc5 16. Be3 Qb6 17. Bxb5 Rd8 18. Qd3 Kf8 19. Rad1 Bd5 20. Bxd7 Rxd7 21. Qxh7 Rd8 22. Bf2 Rc8 23. Qh6+ Ke8 24. Kh1 Qxb2 25.
Qxf6 Be7 26. Qf4 Qxa2 27. Bg3 Qa6 28. Rfe1 Rc4 29. Qe5 Rg5 30. Qh8+ Kd7 31. Ne2 Rc8 32. Qd4 Ke8 33. Nf4 Qc4 34. Qh8+ Kd7 35. Qa1 Rxg3 36.
hxg3 Rh8+ 37. Nh3 Rh7 38. Qd4 Qc6 39. Kh2 Bd6 40. Qa7+ Bc7 41. Qd4 Kc8 42. Qg4 Qd6 0-1

[Event "*** SCC Grand Prix: Titled Tuesday Blitz"]
[Site "Chess.com"]
[Date "2020.10.13"]
[Round "1"]
[White "Sankalp_Gupta2003"]
[Black "MFBerna"]
[Result "1-0"]
[WhiteElo "2741"]
[BlackElo "2385"]
[TimeControl "180+1"]
[EndTime "10:07:44 PDT"]
[Termination "Sankalp_Gupta2003 won on time"]

1. e4 c5 2. Nf3 Nc6 3. Nc3 e6 4. d4 cxd4 5. Nxd4 Qc7 6. Be3 a6 7. Qf3 Nf6 8. Qg3 Qxg3 9. hxg3 Bb4 10. f3 b5 11. Nxc6 dxc6 12. O-O-O e5 13. Nb1 Be6 14. a3 Be7 15. Nd2 O-O-O 16. Be2 Kc7 17. Nb3 Bxb3 18. cxb3 c5 19. g4 Kc6 20. Rxd8 Bxd8 21. g5 Nd7 22. g3 Nf8 23. f4 Ne6 24. Bh5 Rf8 25.
Bg4 Rh8 26. g6 Nd4 27. Rxh7 Rf8 28. Rxg7 fxg6 29. Rxg6+ Kb7 30. Bd1 Bc7 31. f5 Rh8 32. g4 Rh1 33. Rh6 Nxb3+ 34. Kc2 Nd4+ 35. Kd2 Ba5+ 36. b4 Rxh6 37. Bxh6 cxb4 38. axb4 Bxb4+ 39. Kd3 a5 40. g5 a4 41. g6 a3 42. Bc1 a2 43.
Bb2 Bf8 44. f6 Ne6 45. Kc2 Nd4+ 46. Bxd4 exd4 47. Kb2 Kc6 48. g7 Bxg7 49. fxg7 1-0

[Event "*** SCC Grand Prix: Titled Tuesday Blitz"]
[Site "Chess.com"]
[Date "2020.10.13"]
[Round "1"]
[White "joppie2"]
[Black "CarlssonLudvig"]
[Result "0-1"]
[WhiteElo "2877"]
[BlackElo "2473"]
[TimeControl "180+1"]
[EndTime "10:07:45 PDT"]
[Termination "CarlssonLudvig won by resignation"]

1. d4 d5 2. c4 c6 3. Nf3 Nf6 4. Nc3 e6 5. Bg5 Nbd7 6. e4 dxe4 7. Nxe4 h6 8. Nxf6+ Nxf6 9. Be3 Bb4+ 10. Bd2 Qe7 11. Bd3 O-O 12. O-O b6 13. Re1 Bb7 14.
Ne5 Bxd2 15. Qxd2 Qc7 16. Re3 Nd7 17. Rg3 Nxe5 18. Qxh6 Ng6 19. Qh5 Qf4 20. Rh3 Qh6 21.
Qg4 Qf4 22. Qh5 Qh6 23. Bxg6 fxg6 24. Qe2 Qg5 25. Qxe6+ Rf7 26. Rg3 Qf6 27. Qe3 Rd8 28.
Rd1 Re7 29. Qd3 Rxd4 30. Qb1 Qf5 31. Qc1 Rxd1+ 32. Qxd1 Rd7 33. Qc1 c5 34. Re3 Qg4 35. f3 Qd4 36. Kf2 Re7 37. b3 Kf7 38. Ke2 Rxe3+ 39.
Qxe3 Qxe3+ 40. Kxe3 Kf6 41. h4 g5 42. h5 Ke5 43. g3 Bc6 44. Ke2 Kd4 45. Kf2 Kd3 46. g4 Kd4 47. Ke2 Bd7 48. Kd2 Be8 49. Ke2 Bc6 50. Kf2 Kd3 51. a3 a5 52. a4 Bb7 53. f4 gxf4 54. g5 Be4 55. g6 Bf5 56. h6 gxh6 57. g7 Be6 58. Kf3 h5 59.
Kxf4 Bf7 60. Kg5 Kc3 61. Kf6 Bg8 62. Ke7 h4 63. Kf8 Bh7 64. Ke7 h3 65. Kd6 h2 66.
Kc6 h1=Q+ 67. Kxb6 Kxb3 68. Kxc5 Kxa4 69. Kd6 Qb7 70.
c5 Bg8 71. c6 Qxg7 72. c7 Qxc7+ 73. Kxc7 Kb4 0-1

[Event "*** SCC Grand Prix: Titled Tuesday Blitz"]
[Site "Chess.com"]
[Date "2020.10.13"]
[Round "1"]
[White "BocharovD"]
[Black "TokChess"]
[Result "1-0"]
[WhiteElo "2799"]
[BlackElo "2406"]
[TimeControl "180+1"]
[EndTime "10:07:45 PDT"]
[Termination "BocharovD won by resignation"]

1. d4 Nf6 2. c4 g6 3. g3 Bg7 4. Bg2 d5 5. cxd5 Nxd5 6. Nf3 O-O 7. O-O Nc6 8. Nc3 Nb6 9. d5 Na5 10. Qc2 c6 11. dxc6 Nxc6 12. Rd1 Bd7 13. Be3 Rc8 14. Rac1 Qe8 15. Qe4 Bf5 16. Qh4 Rd8 17. Bh6 Rxd1+ 18.
Rxd1 f6 19. Bxg7 Kxg7 20. Nd4 Nxd4 21. Qxd4 Qc8 22. Nb5 Qc4 23. Qxc4 Nxc4 24. b3 Ne5 25. f4 Nc6 26. Kf2 a6 27. Bxc6 bxc6 28. Nd4 Bd7 29.
Rc1 Rc8 30. Rc5 Kf7 31. e4 e5 32. fxe5 fxe5 33. Nf3 Ke6 34. Nxe5 Kd6 35. Nxd7 Kxd7 36.
Ke3 Kd6 37. Ra5 Ra8 38. b4 Kc7 39. a3 Kb6 40. Re5 Ra7 41. Re8 a5 42. Kd4 axb4 43.
axb4 Ra2 44. h4 Rg2 45. Re7 h5 46. e5 Rxg3 47. e6 Rg4+ 48. Ke5 Rxb4 49. Rd7 Rxh4 50. e7 Rh1 51. Rd4 1-0

[Event "*** SCC Grand Prix: Titled Tuesday Blitz"]
[Site "Chess.com"]
[Date "2020.10.13"]
[Round "1"]
[White "Matols"]
[Black "doons21"]
[Result "0-1"]
[WhiteElo "2247"]
[BlackElo "2577"]
[TimeControl "180+1"]
[EndTime "10:07:46 PDT"]
[Termination "doons21 won on time"]

1. d4 Nf6 2. c4 g6 3. g3 Bg7 4. Bg2 O-O 5. Nc3 d6 6. Nf3 c6 7. O-O Bf5 8. Nd2 e5 9. e4 Bg4 10. f3 exd4 11. Ne2 Qb6 12. fxg4 d3+ 13. Kh1 dxe2 14.
Qxe2 h5 15. gxh5 Nxh5 16. Nf3 Nd7 17. Ng5 Rae8 18. Bf4 Ne5 19. Rad1 Qb4 20. b3 Re7 21. Rd2 Rfe8 22. Rfd1 Nxf4 23. gxf4 Nd7 24. Qg4 Nf6 25. Qh4 d5 26. e5 Nh5 27. cxd5 Rxe5 28. dxc6 bxc6 29.
Bxc6 Rc8 30. Rd8+ Rxd8 31. Rxd8+ Bf8 32. Rd1 Qxf4 33. Qxf4 Nxf4 34. Nf3 Re2 35. a4 Bc5 36. Rd8+ Kg7 37. Rd1 Rb2 38. Bd5 a5 39. Ng5 f5 40.
Ne6+ Nxe6 41. Bxe6 Kf6 42. Bc4 Be3 43. Bd5 Bf4 44.
Kg1 Bxh2+ 45. Kf1 Be5 0-1

[Event "*** SCC Grand Prix: Titled Tuesday Blitz"]
[Site "Chess.com"]
[Date "2020.10.13"]
[Round "1"]
[White "Sashadav97"]
[Black "icychess54"]
[Result "0-1"]
[WhiteElo "2587"]
[BlackElo "2286"]
[TimeControl "180+1"]
[EndTime "10:07:47 PDT"]
[Termination "icychess54 won by resignation"]

1. d4 d5 2. c4 c6 3. Nf3 Nf6 4. Nc3 e6 5. Bg5 Nbd7 6. cxd5 exd5 7. Qc2 Qa5 8. e3 Ne4 9. Bd3 Nxg5 10. Nxg5 Be7 11. f4 Bxg5 12. fxg5 g6 13. O-O O-O 14. e4 Nb6 15. a3 dxe4 16. Nxe4 Nd5 17. Qf2 Bf5 18.
Qh4 Bxe4 19. Bxe4 Qd2 20. Qf2 Qxf2+ 21. Kxf2 Rad8 22. Bf3 Rfe8 23. Rfd1 Kf8 24. Rd2 Rd6 25. h4 Red8 26. Rad1 Nb6 27. b3 a5 28. g3 a4 29.
bxa4 Nc4 30. Rd3 Nb2 31. Ke3 Nxd1+ 32. Bxd1 Re8+ 33. Kd2 Red8 34. Kc3 c5 35. Bf3 Rxd4 36. Rxd4 Rxd4 37. a5 Ra4 38. Bxb7 Rxa3+ 39. Kc4 Rxa5 40.
Bc6 Ra3 41. g4 Rg3 42. Bd7 Ke7 43. Bc8 Kd6 44. Kb5 Rh3 45. h5 gxh5 46. gxh5 Rxh5 47. Bf5 Rxg5 48. Bd3 h5 49. Bc4 h4 50. Bxf7 Rg3 51. Be8 h3 52. Bc6 h2 53. Bb7 Rg1 0-1

[Event "*** SCC Grand Prix: Titled Tuesday Blitz"]
[Site "Chess.com"]
[Date "2020.10.13"]
[Round "1"]
[White "Barmen_EV"]
[Black "KuzubovYuriy"]
[Result "1-0"]
[WhiteElo "2476"]
[BlackElo "2879"]
[TimeControl "180+1"]
[EndTime "10:07:48 PDT"]
[Termination "Barmen_EV won by checkmate"]

1. d4 Nf6 2. c4 e6 3. Nc3 Bb4 4. e3 O-O 5. a3 Bxc3+ 6. bxc3 c5 7. Bd3 Nc6 8. Ne2 d6 9. e4 e5 10. O-O h6 11. h3 Re8 12. dxc5 dxc5 13. Ng3 b6 14.
Qe2 Qe7 15. Rd1 Na5 16. Nf1 Ba6 17. Ne3 Rad8 18. Nd5 Qd6 19. Be3 Nxd5 20. cxd5 Bxd3 21. Rxd3 c4 22. Rdd1 Rc8 23. a4 Rf8 24. Qg4 Rcd8 25. Rf1 Nb3 26. Rae1 Nc5 27. f4 exf4 28. Bxf4 Qd7 29.
Qg3 Kh7 30. Re3 f6 31. Bc7 Rc8 32. Bd6 Rfe8 33. Bxc5 Rxc5 34. Rf5 Qxa4 35. e5 Qd7 36. e6 Qd8 37. Qf3 Qd6 38. Qe4 Kh8 39. Ref3 a5 40.
Rxf6 gxf6 41. Rxf6 Qg3 42. Rxh6+ Kg8 43. Qh7+ Kf8 44. Qf7# 1-0

[Event "*** SCC Grand Prix: Titled Tuesday Blitz"]
[Site "Chess.com"]
[Date "2020.10.13"]
[Round "1"]
[White "Zmeeed63"]
[Black "ENajer77"]
[Result "0-1"]
[WhiteElo "2354"]
[BlackElo "2703"]
[TimeControl "180+1"]
[EndTime "10:07:48 PDT"]
[Termination "ENajer77 won by resignation"]

1. d4 Nf6 2. c4 e6 3. Nc3 Bb4 4. f3 c5 5. d5 exd5 6. cxd5 O-O 7. e4 d6 8. Ne2 b5 9. a4 bxa4 10. Qxa4 Nbd7 11. Ng3 Ne5 12. Be2 Bd7 13. Qc2 a5 14. O-O c4 15. f4 Nd3 16. Bxd3 cxd3 17. Qxd3 Re8 18. Be3 Bxc3 19. bxc3 Nxe4 20. Nxe4 Bf5 21. Bd4 Bxe4 22. Qg3 f6 23. Rfe1 Bxd5 24. Rxe8+ Qxe8 25. Bxf6 Qf7 26. Bd4 a4 27. h3 h6 28. f5 Kh7 29. f6 gxf6 30. Rf1 Rg8 31. Qd3+ Qg6 32. Qxg6+ Rxg6 33. Ra1 Rxg2+ 34. Kf1 Ra2 35. Rb1 Kg6 36. Rb6 a3 37. Rxd6 Bc4+ 38. Ke1 Ra1+ 39. Kd2 a2 40. Rxf6+ Kg5 41. h4+ Kh5 42. Rf5+ Kg4 43. Ra5 Rb1 44. Ke3 a1=Q 0-1

[Event "*** SCC Grand Prix: Titled Tuesday Blitz"]
[Site "Chess.com"]
[Date "2020.10.13"]
[Round "1"]
[White "Sesleria"]
[Black "juancruzarias"]
[Result "0-1"]
[WhiteElo "2035"]
[BlackElo "2511"]
[TimeControl "180+1"]
[EndTime "10:07:48 PDT"]
[Termination "juancruzarias won by resignation"]

1. d4 Nf6 2. c4 c5 3. d5 e5 4. e4 d6 5. Nc3 Nbd7 6. f4 Be7 7. Nf3 exf4 8. Bxf4 O-O 9. Bd3 Ng4 10. O-O Re8 11. e5 dxe5 12. Nxe5 Ndxe5 13. Bxe5 Bd6 14. Bxd6 Qxd6 15. g3 Bd7 16. Ne4 Qh6 17. h4 Rxe4 18. Bxe4 Qe3+ 19. Kg2 Qxe4+ 20. Kg1 Ne3 21. Qf3 Qxf3 22.
Rxf3 Nxc4 23. Rc1 Nd6 24. Rxc5 Rc8 25. Rxc8+ Bxc8 26. Rc3 Kf8 27. Kg2 Ke8 28. Kf3 Kd7 29. Kf4 b6 30. Re3 Bb7 31. Rd3 f6 32. g4 Nf7 33. g5 Kd6 34. gxf6 gxf6 35. Kf5 Ke7 36. d6+ Nxd6+ 37. Kg4 Bc8+ 38. Kh5 Bf5 39. Re3+ Kf7 40. Ra3 a5 41. Rc3 Bg6+ 42. Kg4 f5+ 43. Kf3 Ke6 44. Rc6 b5 45. Kf4 Kd5 46. Ra6 a4 47. Kg5 f4 48. h5 f3 49. hxg6 hxg6 50. Ra8 f2 51. Rf8 Nf5 52. Rd8+ Ke4 53. Rd1 Ne3 54. Rb1 f1=Q 55. Rxf1 Nxf1 56. Kxg6 Kd3 57. Kf5 Kc2 58.
Ke4 Kxb2 59. Kd4 a3 60. Kc5 Nd2 61. Kb4 Nb1 62. Kxb5 Nc3+ 63. Kc4 Nxa2 0-1

[Event "*** SCC Grand Prix: Titled Tuesday Blitz"]
[Site "Chess.com"]
[Date "2020.10.13"]
[Round "1"]
[White "pedromartinez91"]
[Black "annacramling"]
[Result "1-0"]
[WhiteElo "2507"]
[BlackElo "1980"]
[TimeControl "180+1"]
[EndTime "10:07:48 PDT"]
[Termination "pedromartinez91 won by resignation"]

1. d4 Nf6 2. Bf4 d5 3. e3 c5 4. c3 Nc6 5. Nd2 cxd4 6. exd4 Bf5 7. Ngf3 e6 8. Bb5 Bd6 9. Ne5 Qc7 10. Qa4 O-O 11. Ndf3 Rac8 12. Bg3 Be4 13. O-O Ne7 14. Be2 a6 15. Qd1 Ng6 16. Re1 Nh5 17. Nxg6 Bxg6 18. Bxd6 Qxd6 19. Ne5 Nf4 20. Bf1 f6 21. Nxg6 Nxg6 22.
Qg4 e5 23. dxe5 fxe5 24. Rad1 Qc5 25. Qe2 e4 26. Qe3 Qc6 27. c4 dxc4 28. Qxe4 Qxe4 29.
Rxe4 c3 30. bxc3 Rxc3 31. Bc4+ Kh8 32. Bb3 Rfc8 33. g3 h6 34. Rd7 R3c7 35. Rxc7 Rxc7 36.
Re8+ Kh7 37. Bg8+ Kh8 38. Bd5+ Kh7 39. Be4 Rf7 40. h4 h5 41. Re6 Rf6 42. Rxf6 gxf6 43. Bxb7 a5 44. Be4 Kg7 45. Bxg6 Kxg6 46. Kg2 Kf5 47. Kf3 Ke5 48. Ke3 Kd5 49. f3 Kc4 50. g4 hxg4 51. fxg4 Kc3 52. h5 Kb2 53. h6 Kxa2 54.
h7 a4 55. h8=Q a3 56. Qxf6 Kb3 57. Qa6 a2 58. g5 Kb2 59. Qxa2+ Kxa2 60. g6 1-0

[Event "*** SCC Grand Prix: Titled Tuesday Blitz"]
[Site "Chess.com"]
[Date "2020.10.13"]
[Round "1"]
[White "ChessWarrior7197"]
[Black "Philosopherrr"]
[Result "1-0"]
[WhiteElo "3029"]
[BlackElo "2492"]
[TimeControl "180+1"]
[EndTime "10:07:49 PDT"]
[Termination "ChessWarrior7197 won by resignation"]

1. e4 e5 2. Nf3 Nc6 3. Bb5 a6 4. Ba4 Nf6 5. O-O Be7 6. Re1 b5 7. Bb3 d6 8. c3 O-O 9. d4 Bg4 10. h3 Bh5 11. Be3 Na5 12. dxe5 dxe5 13. Qxd8 Bxd8 14. Nxe5 Re8 15. f4 Nxb3 16. axb3 Nxe4 17. Bd4 f5 18. g4 Bh4 19. Re2 Bg6 20. Nd2 Nxd2 21. Rxd2 Bg3 22. Rf1 Rad8 23. b4 Bxf4 24. Rxf4 Rxe5 25. Rg2 Re4 26. Rxe4 fxe4 27. Re2 Re8 28.
Re1 Bf7 29. Kf2 Bc4 30. Ke3 Bd5 31. Bc5 c6 32. Ra1 h5 33. Rxa6 hxg4 34. hxg4 Re6 35. Bd4 Rg6 36. Kf4 Re6 37. Ra7 Rg6 38. g5 Kh7 39.
Rc7 Kg8 40. Re7 Kh7 41. Be3 Re6 42. Rc7 Kg6 43. Bd4 Kh5 44. Rxg7 Re8 45. Kf5 Kh4 46. Rh7+ Kg3 47. g6 e3 48. Bxe3 Rxe3 49. Rc7 Re2 50. g7 Rf2+ 51. Ke5 Rg2 52. Rxc6 Bb3 53. Rg6+ Kf2 54.
Rxg2+ Kxg2 55. Kd4 Kf3 56. Kc5 Bc4 57. b3 Bxb3 58.
Kxb5 Ke4 59. c4 1-0

[Event "*** SCC Grand Prix: Titled Tuesday Blitz"]
[Site "Chess.com"]
[Date "2020.10.13"]
[Round "1"]
[White "Chessdude1987"]
[Black "Papa12341234"]
[Result "1-0"]
[WhiteElo "2260"]
[BlackElo "2558"]
[TimeControl "180+1"]
[EndTime "10:07:49 PDT"]
[Termination "Chessdude1987 won by checkmate"]

1. e4 g6 2. d4 Bg7 3. Nc3 d6 4. Nf3 e6 5. Be3 Ne7 6. Qd2 h6 7. Bd3 Nd7 8. O-O b6 9. Ne2 Bb7 10. Ng3 Kf8 11. h4 Kg8 12. c4 c5 13. d5 e5 14. h5 Kh7 15. Nh2 Nf6 16. f4 exf4 17. Bxf4 Rf8 18. e5 dxe5 19. Bxe5 Nd7 20. Bf4 Nf6 21.
Rae1 Nfg8 22. Ng4 Bc8 23. Ne5 Bxe5 24. Bxe5 Bg4 25. Rf4 Qd7 26. Ref1 f5 27. hxg6+ Nxg6 28. Rxf5 Rxf5 29. Bxf5 Bxf5 30. Rxf5 Re8 31. Bc3 Qe7 32.
Qf2 Rf8 33. Rxf8 Nxf8 34. Nf5 Qd7 35. Qg3 Ng6 36. Nd6 a6 37. Ne4 b5 38. b3 bxc4 39.
bxc4 Qa4 40. Qf3 Qd7 41. Nf6+ Nxf6 42. Qxf6 h5 43. Qxa6 Qg4 44. Qf6 Kh6 45. Qg7+ Kg5 46. Qf6+ Kh6 47. Bd2+ Kh7 48. Qf7+ Kh8 49. Bc3+ Qd4+ 50.
Bxd4+ cxd4 51. Qxg6 d3 52. Qxh5+ Kg7 53. Qd1 Kf7 54.
Qxd3 Ke7 55. Qe4+ Kd6 56. Qd4 Kc7 57. c5 Kd7 58. Qe5 Kd8 59. Qe6 Kc7 60. Qe7+ Kc8 61. c6 Kb8 62. Qb7# 1-0

[Event "*** SCC Grand Prix: Titled Tuesday Blitz"]
[Site "Chess.com"]
[Date "2020.10.13"]
[Round "1"]
[White "CaspiIsrael"]
[Black "Politov_Pavel"]
[Result "1-0"]
[WhiteElo "2587"]
[BlackElo "2250"]
[TimeControl "180+1"]
[EndTime "10:07:50 PDT"]
[Termination "CaspiIsrael won on time"]

1. e4 Nc6 2. Nf3 g6 3. d4 Bg7 4. d5 Ne5 5. Nd4 c5 6. Nb5 d6 7. f4 Bg4 8. Be2 Bxe2 9. Qxe2 Nd7 10. a4 Ngf6 11. O-O O-O 12. c4 Ne8 13. N5c3 Nc7 14.
Ra2 Rb8 15. b3 a6 16. a5 b5 17. axb6 Rxb6 18. Qc2 Qb8 19. Nd2 Bd4+ 20. Kh1 Qb7 21. Bb2 Rb8 22. Rf3 Rxb3 23. Nxb3 Qxb3 24. Qxb3 Rxb3 25.
Nd1 Rxf3 26. gxf3 Nb6 27. Bxd4 cxd4 28. Rb2 Na4 29. Rb7 Ne8 30. Rxe7 Kf8 31. Ra7 Nc5 32. Kg2 Nf6 33. Nf2 Nh5 34. Nh3 Nd3 35. Rxa6 Nhxf4+ 36. Nxf4 Nxf4+ 37. Kf2 Ke7 38. Ra7+ Kf6 39. Rd7 Ke5 40. Rxf7 Nd3+ 41. Ke2 Nb2 42. Re7+ Kf4 43. c5 dxc5 44. d6 d3+ 45. Ke1 d2+ 46. Kxd2 Nc4+ 47. Ke2 Nxd6 48.
Rxh7 Nb5 49. Rf7+ Kg5 50. Ke3 Nd4 51. Rc7 Ne6 52. Rc6 Kf6 53. f4 Ke7 54. h4 Kf7 55. e5 Ke7 56. Ke4 Kf7 57. Ra6 Ke7 58. Ra7+ Kf8 59. Rd7 Ke8 60. Ra7 1-0

[Event "*** SCC Grand Prix: Titled Tuesday Blitz"]
[Site "Chess.com"]
[Date "2020.10.13"]
[Round "1"]
[White "Ave_Mariia"]
[Black "RaunakSadhwani2005"]
[Result "0-1"]
[WhiteElo "2485"]
[BlackElo "2957"]
[TimeControl "180+1"]
[EndTime "10:07:51 PDT"]
[Termination "RaunakSadhwani2005 won by resignation"]

1. d4 Nf6 2. c4 g6 3. Nc3 Bg7 4. e4 d6 5. Be2 O-O 6. Be3 c5 7. d5 e6 8. Nf3 exd5 9. cxd5 Bg4 10. Nd2 Bxe2 11. Qxe2 Re8 12. O-O Na6 13. Bg5 h6 14.
Bh4 Nc7 15. Qf3 b5 16. a3 Qe7 17. Rfe1 g5 18. Bg3 Nd7 19. Rad1 Ne5 20. Qe2 Qd7 21.
h4 a5 22. hxg5 hxg5 23. Qh5 b4 24. Ne2 Nd3 25. Rf1 Nxb2 26. Rb1 bxa3 27. Qxg5 Qd8 28. Qg4 Nb5 29. Nf4 Qf6 30. Bh4 Qh6 31. Bg5 Qh7 32. Bf6 Kf8 33. Nh5 Bxf6 34. Nxf6 Qg6 35. Qh4 Kg7 36.
Nxe8+ Rxe8 37. Rfe1 Rh8 38. Qf4 Qh5 39. f3 Qh1+ 40. Kf2 Nd3+ 41. Ke3 Qxe1+ 42. Rxe1 Nxf4 43. Kxf4 a2 44. Ra1 Nc3 45. Ke3 Rh2 46. Kd3 Nb5 47.
Rxa2 Rxg2 48. Rxa5 Nd4 49. Ke3 Rxd2 50. Kxd2 Nb3+ 0-1

[Event "*** SCC Grand Prix: Titled Tuesday Blitz"]
[Site "Chess.com"]
[Date "2020.10.13"]
[Round "1"]
[White "PowerThinking2650"]
[Black "Matveev_Vladimir"]
[Result "1-0"]
[WhiteElo "2379"]
[BlackElo "2690"]
[TimeControl "180+1"]
[EndTime "10:07:51 PDT"]
[Termination "PowerThinking2650 won by resignation"]

1. e4 c5 2. Nf3 d6 3. d4 cxd4 4. Nxd4 Nf6 5. Nc3 a6 6. Bc4 e6 7.
O-O Be7 8. Bb3 O-O 9. f4 Nc6 10.
Be3 Bd7 11. f5 Nxd4 12. Bxd4 Bc6 13. fxe6 fxe6 14. Bxe6+ Kh8 15. Qd3 b5 16. a3 Nd7 17.
Nd5 Ne5 18. Bxe5 dxe5 19. Nxe7 Qxe7 20. Bd5 Qc5+ 21. Kh1 Rad8 22. Rxf8+ Rxf8 23. Rf1 Rxf1+ 24. Qxf1 Bxd5 25. exd5 h6 26. Qd3 Qf2 27. h3 Qe1+ 28.
Kh2 e4 29. Qd4 e3 30. d6 Qd2 31. Qf4 Qd5 32. Qxe3 Qxd6+ 33. Qg3 Qd2 34. Qd3 Qf4+ 35.
Qg3 Qd2 36. Qc7 Kh7 37. b3 Qc1 38. a4 bxa4 39. bxa4 Qa3 40. a5 Qe3 41. c4 Qe4 42. c5 Qd5 43. Qd6 Qa2 44. c6 Qxa5 45. c7 Qc3 46. Qg3 Qc4 47. Qe5 Qc2 48. h4 a5 49.
Qxa5 Qe4 50. Qc3 Qf4+ 51. Kg1 1-0

[Event "*** SCC Grand Prix: Titled Tuesday Blitz"]
[Site "Chess.com"]
[Date "2020.10.13"]
[Round "1"]
[White "SophieNikoladze"]
[Black "elohunter1999"]
[Result "0-1"]
[WhiteElo "2260"]
[BlackElo "2595"]
[TimeControl "180+1"]
[EndTime "10:07:51 PDT"]
[Termination "elohunter1999 won by resignation"]

1. d4 d5 2. Nf3 Nf6 3. e3 Bf5 4. c4 c6 5. Nc3 e6 6. Nh4 Be4 7. Qb3 Qc7 8. f3 Bg6 9. Nxg6 hxg6 10. f4 Nbd7 11. Be2 Be7 12. Bd2 dxc4 13. Bxc4 a6 14. a4 O-O 15. O-O b5 16. axb5 cxb5 17. Bd3 Rfd8 18. e4 Nc5 19. Qc2 Nxd3 20. Qxd3 Rxd4 21.
Qe2 Bc5 22. Kh1 Qc6 23. Be3 Rdd8 24. Rac1 Bxe3 25. Qxe3 Qb7 26. Rf3 b4 27. e5 Ng4 28.
Qe4 Qc7 29. h3 bxc3 30. hxg4 Qb6 31. bxc3 a5 32. Rh3 a4 33. Qe1 Qb2 34. Rb1 a3 35. Kh2 Qxb1 36. Qxb1 a2 37. Qa1 Rdb8 38. Qe1 a1=Q 39.
Qh4 Kf8 40. Qh8+ Ke7 41. Qxg7 Rf8 42. Qf6+ Ke8 43. f5 gxf5 44. gxf5 Qa6 45. Rh7 Qc6 46. fxe6 Qxe6 47. Qf3 Qxe5+ 48. Kh3 Qe6+ 49. Kh2 Rc8 50. Rh4 Qe5+ 51. Kh3 Rxc3 52. Re4 Rxf3+ 53. gxf3 Qxe4 54. fxe4 Ke7 55. Kg4 Ke6 56. Kf4 Ra8 0-1

[Event "*** SCC Grand Prix: Titled Tuesday Blitz"]
[Site "Chess.com"]
[Date "2020.10.13"]
[Round "1"]
[White "MarceloPlaya"]
[Black "chessplayer9919"]
[Result "0-1"]
[WhiteElo "2262"]
[BlackElo "2597"]
[TimeControl "180+1"]
[EndTime "10:07:52 PDT"]
[Termination "chessplayer9919 won on time"]

1. e4 c6 2. d4 d5 3. e5 Bf5 4.
g4 Be4 5. f3 Bg6 6. h4 h5 7. e6 Qd6 8. exf7+ Bxf7 9. Ne2 hxg4 10.
fxg4 Nf6 11. g5 Ne4 12. Nbc3 Bg6 13. Bf4 Qb4 14. Bg2 Nd7 15. a3 Qxb2 16. Nxe4 Bxe4 17. Bxe4 dxe4 18. Rb1 Qxa3 19. Rxb7 e5 20. dxe5 O-O-O 21. Rb3 Qa5+ 22. Qd2 Qxd2+ 23. Bxd2 Nxe5 24. Bf4 Nf3+ 25. Kf2 Bc5+ 26. Kg3 Bb6 27. h5 Rd5 28. Nc3 Rd4 29.
Be3 Rc4 30. Bxb6 axb6 31. h6 gxh6 32. gxh6 Nd2 33. Ra3 Kb7 34. h7 e3 35. Ne2 Rxc2 36.
Nf4 Nc4 37. Raa1 b5 38. Ng6 Rxh7 39. Rxh7+ Kb6 40. Re7 e2 41. Ne5 Rc3+ 42. Kf2 Nd2 43. Ng4 Nb3 0-1

[Event "*** SCC Grand Prix: Titled Tuesday Blitz"]
[Site "Chess.com"]
[Date "2020.10.13"]
[Round "1"]
[White "rpragchess"]
[Black "KarstenHansch"]
[Result "1/2-1/2"]
[WhiteElo "2900"]
[BlackElo "2477"]
[TimeControl "180+1"]
[EndTime "10:07:53 PDT"]
[Termination "Game drawn by repetition"]

1. e4 c6 2. d4 d5 3. exd5 cxd5 4.
Bd3 Nc6 5. c3 Nf6 6. Bf4 Bg4 7.
Qb3 Qd7 8. Nd2 e6 9. Ngf3 Bd6 10. Bxd6 Qxd6 11. O-O O-O 12. Rfe1 Ne7 13. Ne5 Bf5 14. Qc2 b5 15. Re3 b4 16. Bxf5 Nxf5 17. Rh3 bxc3 18.
bxc3 Ne7 19. g4 Ng6 20. Re1 Rac8 21. g5 Nd7 22. Qd1 Rfd8 23. Qh5 Ndf8 24. Nxg6 fxg6 25. Qg4 Rc7 26. Ree3 Rdc8 27. Rhf3 Qa3 28. Nb3 Qxa2 29. Nc5 Qc4 30. Nxe6 Rb7 31. Re1 Re7 32. Qf4 Nxe6 33. Rxe6 Qc7 34. Rxe7 Qxe7 35. Qg4 Rf8 36. Re3 Qf7 37.
Qg3 Qf5 38. Kg2 a5 39. Re7 a4 40. Ra7 Qc2 41. h4 Qe4+ 42. Kg1 Qb1+ 43. Kg2 Qe4+ 44. Kh2 Qc2 45. Kg1 Qb1+ 46. Kh2 Qc2 47. Kg2 Qe4+ 1/2-1/2

[Event "*** SCC Grand Prix: Titled Tuesday Blitz"]
[Site "Chess.com"]
[Date "2020.10.13"]
[Round "1"]
[White "djano"]
[Black "GOGIEFF"]
[Result "0-1"]
[WhiteElo "2454"]
[BlackElo "2871"]
[TimeControl "180+1"]
[EndTime "10:07:53 PDT"]
[Termination "GOGIEFF won on time"]

1. d4 Nf6 2. Bf4 e6 3. Nf3 b6 4.
e3 Bb7 5. Nbd2 Be7 6. h3 O-O 7. Bd3 c5 8. O-O Nc6 9. c3 d5 10. Ne5 Nxe5 11. Bxe5 c4 12. Bc2 b5 13. f4 a5 14. f5 exf5 15. Rxf5 b4 16. Qf3 Qb6 17. Rf1 bxc3 18. bxc3 Qb2 19. Rxf6 Qxc2 20. Rxf7 Qg6 21. Rxe7 Rxf3 22. Rxf3 Re8 23. Rxg7+ Qxg7 24. Bxg7 Kxg7 25. Rg3+ Kf6 26. Kh1 Bc8 27. Rf3+ Kg6 28. Rg3+ Kf6 29. Rf3+ Ke6 30. Kg1 Bd7 31. Rf2 Rb8 32. Nf3 Rb1+ 33. Kh2 a4 34. Ng5+ Kd6 35. Nxh7 a3 36. Nf6 Rb2 37.
Kg3 Ba4 38. h4 Bb3 39. Rf5 Bxa2 40. Rxd5+ Ke6 41. Ra5 Kxf6 42. Rxa3 Bb1 43. h5 Re2 44. Kf3 Re1 45. Ra6+ Kg5 46. Ra5+ Kh6 47. g4 Rf1+ 48. Kg3 Be4 49. Ra6+ Kg7 50. Ra7+ Kf6 51. Ra6+ Ke7 52. g5 Rf3+ 53. Kg4 Rxe3 54. g6 Rxc3 55.
g7 Bh7 56. Ra7+ Kf6 57. h6 Rc1 58. Ra6+ Kf7 59. Ra7+ Ke6 60. Ra6+ Kd5 61. Ra8 Rg1+ 62. Kf4 c3 63. Rh8 c2 64. Rd8+ Kc4 65. Rc8+ Kxd4 66.
g8=Q Rxg8 67. Rc7 Rg1 0-1